 Dungeon Crawl Stone Soup version 0.31.0-11-ge490571c62 (webtiles) character file.

Game seed: 5601372380798865512

648 p0werm0de the Trooper (level 7, 0/60 HPs)
             Began as a Barachi Chaos Knight on Jan 28, 2024.
             Was a Plaything of Xom.
             Slain by Eustachio the komodo dragon (18 damage)
             ... on level 4 of the Dungeon.
             The game lasted 00:04:33 (1025 turns).

p0werm0de the Trooper (Barachi Chaos Knight)        Turns: 1025, Time: 00:04:34

Health: 0/60       AC:  6    Str: 13    XL:     7   Next: 53%
Magic:  9/9        EV: 11    Int: 15    God:    Xom [......]
Gold:   120        SH:  0    Dex: 11    Spells: 8/9 levels left

rFire   . .          .
                       - Unarmed
rCold   . . .        (no shield)
rNeg    . . .        a - +2 leather armour
rPois   .            (no helmet)
rElec   .            (no cloak)
rCorr   .            e - +0 pair of gloves
SInv    .            (no boots)
Will    .....        (no amulet)
Stlth   +            (no ring)
HPRegen 0.30/turn    (no ring)
MPRegen 0.11/turn

%: no passive effects
@: hasted, very quick
A: amphibious, slowness 1, strong legs 1, +LOS
a: Hop, Renounce Religion


You were on level 4 of the Dungeon.
You worshipped Xom.
You were a very special plaything of Xom.
You visited 1 branch of the dungeon, and saw 4 of its levels.

You collected 120 gold pieces.

Inventory:

Hand Weapons
 d - a +0 dagger of chaos
   (You took it off a crimson imp on level 3 of the Dungeon)
Armour
 a - a +2 leather armour (worn)
 e - a +0 pair of gloves (worn)
   (You found it on level 1 of the Dungeon)
Scrolls
 b - a scroll of butterflies
 c - a scroll of brand weapon
 r - a scroll of identify
Potions
 h - a potion of haste
 w - a potion of heal wounds


   Skills:
 * Level 7.1 Fighting
 - Level 2.4 Armour
 - Level 1.1 Dodging
 * Level 6.5 Unarmed Combat
 * Level 1.9 Spellcasting
 * Level 2.0 Translocations


You had 8 spell levels left.
You knew the following spells:

 Your Spells              Type           Power      Damage    Failure   Level
a - Apportation           Tloc           14%        N/A       12%         1

Your spell library contained the following spells:

 Spells                   Type           Power      Damage    Failure   Level
 Necrotise                Necr           4%         1d4       28%         1
 Sting                    Conj/Alch      4%         1d3       28%         1
 Summon Small Mammal      Summ           4%         N/A       28%         1
 Inner Flame              Hex/Fire       1%         N/A       65%         3
 Vhi's Electric Charge    Tloc/Air       8%         N/A       88%         4
 Flame Wave               Conj/Fire      1%         2d4       96%         4
 Sticky Flame             Fire/Alch      1%         2d4       96%         4
 Arcjolt                  Conj/Air       0%         1d10      100%        5
 Maxwell's Capacitive Co  Air            0%         ∞         100%        8


Dungeon Overview and Level Annotations

Branches:
Dungeon (4/15)
 Temple: D:4-7

Altars:
Ashenzari
Gozag
Kikubaaqudgha
Nemelex Xobeh
Sif Muna
Uskayaw
Xom

Annotations:
D:4 Eustachio


Innate Abilities, Weirdness & Mutations

You are amphibious.
You cover ground slowly.
You can hop short distances.
You have an extended range of vision and can be seen from far away.


Message History

You hit Eustachio.
Eustachio is moderately wounded.
You hear Xom's avuncular chuckle.
Eustachio seems to grow stronger.
You are now a very special plaything of Xom.
You punch Eustachio!
Eustachio is heavily wounded.
Eustachio closely misses you.
You hit Eustachio.
Eustachio is severely wounded. "This might be better!"
Eustachio evaporates and reforms as a komodo dragon!
Eustachio completely misses you.
You completely miss Eustachio.
Eustachio is severely wounded.
You closely miss Eustachio.
Eustachio is severely wounded.
Eustachio bites you!!
You aren't carrying any items that you can evoke.
Unknown command.
Okay, then.
You feel yourself speed up. Eustachio misses you.
You hit Eustachio.
Eustachio is severely wounded.
Eustachio bites you!
* * * LOW HITPOINT WARNING * * *
You see here a scorpion corpse.
Things that are here:
a +0 short sword; a kobold corpse Throw: dart (poison)
Press: ? - help, Q - select action, (/) - cycle Shift-Dir - straight line, f/p - Eustachio
Aim: Eustachio the komodo dragon (severely wounded, 64% to hit)
You throw a poisoned dart.
The poisoned dart barely misses Eustachio.
Unknown command.
Eustachio hisses menacingly.
Eustachio barely misses you. Eustachio attacks as it pursues you!
Eustachio bites you!!
You die...
Xom giggles madly!

........#.#..### ....
#..(....##...... ...
#..(..... #..... .. .###
##.(....###.#..###.#
....###.....(...#......#.##
#.....(...................#
##..............#....<.....#
#........).......##..##....#
.............(@#......#..###
...8..........l.......#..#
..........†..<#..[##.....#
#.8...8......#....#...###
##............†........#
#..8.8...#.....)......##
##...................##
#.#..........8.....## #
#...............##


You could see Eustachio the komodo dragon.

Vanquished Creatures
  Grinder (D:3)
  Sigmund (D:2)
  A scorpion (D:4)
  3 crimson imps (D:3)
  A hound (D:3)
  A sleepcap (D:4)
  3 adders
  2 dart slugs (D:3)
  4 orcs (D:3)
  6 endoplasms
  2 giant cockroaches
  2 goblins
  2 hobgoblins
  5 kobolds
  2 quokkas
  5 bats
  A frilled lizard (D:2)
42 creatures vanquished.

Notes
Turn   | Place    | Note
-------+----------+-------------------------------------------
     0 | D:1      | p0werm0de the Barachi Chaos Knight began the quest for the
                  | Orb.
     0 | D:1      | Reached XP level 1. HP: 18/18 MP: 1/1
   117 | D:2      | Reached skill level 4 in Fighting
   117 | D:2      | Reached XP level 2. HP: 25/25 MP: 2/2
   186 | D:1      | XOM: silly message
   258 | D:3      | Found an opulent altar of Gozag.
   285 | D:3      | Reached XP level 3. HP: 29/31 MP: 3/3
   319 | D:3      | Found a sparkling altar of Nemelex Xobeh.
   387 | D:2      | XOM: noise
   477 | D:2      | Noticed Sigmund
   492 | D:2      | Killed Sigmund
   493 | D:2      | Reached skill level 5 in Fighting
   493 | D:2      | Reached skill level 5 in Unarmed Combat
   493 | D:2      | Reached XP level 4. HP: 27/40 MP: 4/4
   493 | D:2      | Reached XP level 5. HP: 31/46 MP: 5/5
   621 | D:3      | Found a shimmering altar of Xom.
   627 | D:3      | Reached skill level 6 in Fighting
   627 | D:3      | Reached XP level 6. HP: 52/52 MP: 6/6
   680 | D:3      | Found a hide-covered altar of Uskayaw.
   710 | D:3      | Learned a level 1 spell: Apportation
   752 | D:3      | Found a shimmering blue altar of Sif Muna.
   767 | D:3      | Found an ancient bone altar of Kikubaaqudgha.
   787 | D:3      | Found a broken altar of Ashenzari.
   820 | D:3      | Noticed Grinder
   827 | D:3      | Killed Grinder
   828 | D:3      | Reached skill level 7 in Fighting
   828 | D:3      | Reached skill level 1 in Spellcasting
   828 | D:3      | Reached skill level 1 in Translocations
   828 | D:3      | Reached XP level 7. HP: 60/60 MP: 6/9
   972 | D:4      | XOM: noise
   998 | D:4      | Noticed Eustachio
  1008 | D:4      | XOM: enchant monster (bad)
  1010 | D:4      | Eustachio changed into Eustachio the komodo dragon
  1010 | D:4      | Noticed Eustachio
  1010 | D:4      | XOM: polymorph Eustachio -> Eustachio the komodo dragon
  1025 | D:4      | Slain by Eustachio the komodo dragon

Illustrated notes

Levels and vault maps discovered:
D:1:      heliophobic_arrival_enchanted_forest, layout_loops_cross
D:2:      minmay_general_purpose_star, layout_rooms, uniq_sigmund
D:3:      layout_basic, led_xom_imps, nicolae_uskayaw_murder_on_the_dancefloor,
          nicolae_gozag_seed_capital, lemuel_coloured_pillars_altar,
          nemelex_altar_shiori, mainiacjoe_overflow_swirl, uniq_grinder
D:4:      layout_cave_pools, serial_column_ruins, column_ruins_hut,
          column_ruins_hut_pillars, column_ruins_grid_3,
          column_ruins_columns_dead_end, column_ruins_grid_1,
          column_ruins_grid_4, uniq_blork_the_orc, uniq_eustachio

Skill      XL: |  1  2  3  4  5  6  7 |
---------------+----------------------+-----
Fighting       | 4 5 6 7 |  7.1
Unarmed Combat | 4 5 6 |  6.5
Spellcasting   | 1 |  1.9
Translocations | 1 2 |  2.0
Armour         | |  2.4
Dodging        | |  1.1

Action                     |  1- 3 |  4- 6 |  7- 9 || total
---------------------------+-------+-------+-------++-------
  Melee: Unarmed           |    86 |    57 |    41 ||   184
         Punch             |     3 |     1 |     4 ||     8
  Throw: Dart              |       |       |     9 ||     9
Ability: Hop               |     1 |     2 |       ||     3
    Use: Potion            |     1 |     2 |     1 ||     4
         Scroll            |     1 |     2 |       ||     3
 Armour: Leather armour    |    37 |    31 |    21 ||    89
         Skin              |       |     6 |     5 ||    11
  Dodge: Dodged            |    55 |    19 |    27 ||   101
